 Dungeon Crawl Stone Soup version 0.30.0-29-ga12c61a403 (webtiles) character file.

Game seed: 865651429200091624

7 cheesebisquit the Grave Robber (level 2, -2/22 HPs)
             Began as a Ghoul Necromancer on June 7, 2023.
             Slain by a quokka (4 damage)
             ... on level 1 of the Dungeon.
             The game lasted 00:01:27 (230 turns).

cheesebisquit the Grave Robber (Ghoul Necromancer)   Turns: 230, Time: 00:01:28

Health: -2/22      AC:  2    Str: 11    XL:     2   Next: 0%
Magic:  3/3        EV:  9    Int: 10    God:
Gold:   15         SH:  0    Dex:  9    Spells: 3/4 levels left

rFire   . . .        e - +0 mace
rCold   + . .        (no shield)
rNeg    + + +        a - +0 robe
rPois   ∞            (no helmet)
rElec   .            (no cloak)
rCorr   .            (no gloves)
SInv    .            (no boots)
Will    .....        (no amulet)
Stlth   ++           (no ring)
HPRegen 0.00/turn    (no ring)
MPRegen 0.08/turn

%: no passive effects
@: inhibited regen, constricted
A: claws 1, cold resistance 1, negative energy resistance 3, inhibited
regeneration, torment resistance 2, devour on kill
a: no special abilities


You were on level 1 of the Dungeon.
You visited 1 branch of the dungeon, and saw 1 of its levels.

You collected 15 gold pieces.

Inventory:

Hand Weapons
 e - a +0 mace (weapon)
Armour
 a - a +0 robe (worn)
Scrolls
 c - a scroll of teleportation {unknown}
 d - a scroll of identify {unknown}


   Skills:
 + Level 0.6 Fighting
 - Level 1.7 Dodging
 + Level 2.4 Stealth
 + Level 1.9 Spellcasting
 + Level 4.1 Necromancy


You had 3 spell levels left.
You knew the following spells:

 Your Spells              Type           Power      Damage    Failure   Level
a - Necrotise             Necr           36%        1d5       6%          1

Your spell library contained the following spells:

 Spells                   Type           Power      Damage    Failure   Level
 Vampiric Draining        Necr           9%         2d6       19%         3
 Animate Dead             Necr           9%         N/A       52%         4
 Agony                    Necr           9%         N/A       86%         5


Dungeon Overview and Level Annotations

Branches:
Dungeon (1/15)

Altars:


Innate Abilities, Weirdness & Mutations

You are immune to poison.
You have sharp fingernails.
Your flesh is cold resistant. (rC+)
You are immune to negative energy. (rN+++)
You do not regenerate when monsters are visible.
You are immune to unholy pain and torment.
You thrive by killing the living.


Message History

e - a +0 mace (weapon)
Search for what [? for help]? .
Unknown command.
A rat comes into view.
The rat barely resists.
The rat bites you but does no damage.
The rat writhes in agony.
You kill the rat!
The dead are walking!
You have reached level 2!
Your rat skeleton crumbles into dust!
A ball python comes into view.
A giant cockroach, a ball python, a bat, a quokka and 2 rats come into view.
Found four items.
The ball python hisses angrily.
The bat barely misses you. The ball python bites you.
The ball python grabs you. The ball python constricts you.
The ball python writhes in agony.
The ball python hisses angrily.
The ball python barely misses you. The ball python constricts you.
The quokka bites you. The ball python closely misses you.
The ball python constricts you.
The ball python barely resists.
The quokka barely misses you. The ball python bites you.
The ball python constricts you. The quokka bites you.
Okay, then.
You are too injured to fight recklessly!
Aiming: Necrotise (safe; 6% risk of failure)
Press: ? - help, Q - select action Shift-Dir - straight line, f/p - ball python
Aim: a ball python (severely wounded, constricting you, chance to affect: 76%)
The ball python barely resists.
The ball python barely misses you. The ball python constricts you.
The quokka bites you.
* * * LOW HITPOINT WARNING * * *
Okay, then.
Okay, then.
Magic courses through your body. The ball python bites you.
* * * LOW HITPOINT WARNING * * *
The ball python constricts you. The ball python closely misses you.
The quokka bites you.
You die...

.... ..... ###
###... ..# ##
#?#...# #.# ##.
#.##..##.# ##.#
#.#..^#.##### ##.##
#B##.......#####.##
#S#.....#......##
#@####.#######.#
#..S#rr?#.# #..##
#..!.. rb!#.# #.#.#
#...... ..$#.#
#.##. ..#..##
####.# #.... .....
..#######..## #..#
...........# ... ..
#######.#
..#############.##


You could see a quokka, a giant cockroach, a bat, 2 ball pythons and 2 rats.

Vanquished Creatures
  A ball python (D:1)
  3 endoplasms (D:1)
  2 rats (D:1)
6 creatures vanquished.

Notes
Turn   | Place    | Note
-------+----------+-------------------------------------------
     0 | D:1      | cheesebisquit the Ghoul Necromancer began the quest for the
                  | Orb.
     0 | D:1      | Reached XP level 1. HP: 14/14 MP: 2/2
   169 | D:1      | Reached XP level 2. HP: 22/22 MP: 0/3
   230 | D:1      | Slain by a quokka

Illustrated notes

Levels and vault maps discovered:
D:1:      ebering_trefoil_3fold, layout_loops_ring, minmay_vboxes

Action                     || total
---------------------------++-------
  Melee: Unarmed           ||     4
   Cast: Necrotise         ||    14
    Use: Potion            ||     1
 Armour: Robe              ||     2
  Dodge: Dodged            ||     8
